[Event "Titled Tuesday Blitz January 17 Early 2023"]
[White "Mitrovic, Darko R"]
[Black "Bagwe Gaurang"]
[WhiteFideId "927023"]
[BlackFideId "45039895"]
[WhiteElo "2220"]
[BlackElo "2067"]
[Result "0-1"]
[Round "03"]
[TimeControl "180+2"]
[Date "2023.01.17"]
[WhiteClock "0:00:01"]
[BlackClock "0:00:04"]

1. d4 e6 2. Nf3 d5 3. g3 c5 4. c3 Nf6 5. Bg2 b6 6. O-O Be7 7. Ne5 O-O 8. Nd2 Bb7 9. f4 Nbd7 10. e3 Rc8 11. h3 b5 12. a3 a5 13. Nxd7 Nxd7 14. Nf3 Qb6 15. g4 b4 16. axb4 axb4 17. Bd2 Ba6 18. Rf2 b3 19. Ne5 Rfd8 20. Nxd7 Rxd7 21. g5 Bd3 22. h4 c4 23. Bf1 Bxf1 24. Rxf1 Ra7 25. Rxa7 Qxa7 26. h5 Qd7 27. Qa1 e5 28. dxe5 Qg4+ 29. Kf2 Qh4+ 30. Kg2 Qxh5 31. Qa6 Qg4+ 32. Kf2 Rd8 33. Rg1 Qh4+ 34. Kf3 Qh3+ 35. Kf2 Bc5 36. Qc6 Qh2+ 37. Kf1 Qxd2 38. Qxc5 Qxb2 39. Qe7 Rf8 40. Qb4 Qc2 41. Rg2 Qc1+ 42. Kf2 b2 43. Rg1 Qc2+ 44. Kf3 Qe4+ 45. Kf2 g6 46. Qxb2 Rc8 47. Qd2 Rb8 0-1


[Site "https://www.chess.com"]

[Event "Titled Tuesday Blitz January 17 Early 2023"]
[White "Thomas, Anysia"]
[Black "Renjith, Sravan"]
[WhiteFideId "670472"]
[BlackFideId "4306783"]
[WhiteElo "2147"]
[BlackElo "2172"]
[Result "0-1"]
[Round "03"]
[TimeControl "180+2"]
[Date "2023.01.17"]
[WhiteClock "0:00:01"]
[BlackClock "0:00:07"]

1. d4 d5 2. c4 e6 3. Nf3 c5 4. cxd5 exd5 5. g3 Nc6 6. Bg2 Nf6 7. O-O Be7 8. Nc3 O-O 9. dxc5 Bxc5 10. Bg5 d4 11. Na4 Be7 12. b3 h6 13. Bc1 Be6 14. Bb2 b5 15. Rc1 Nb4 16. Nc5 Nxa2 17. Nxe6 fxe6 18. Rc6 Nc3 19. Qd3 b4 20. Nxd4 Qxd4 21. Qxd4 Nxe2+ 22. Kh1 Nxd4 23. Bxd4 Rfd8 24. Rxe6 Rac8 25. Rxe7 Rxd4 26. Rxa7 Rd3 27. Ra6 Kf8 28. Bh3 Rcd8 29. Be6 Ne4 30. Bc4 Rd2 31. Kg2 R8d6 32. Ra7 Rf6 33. Ra8+ Ke7 34. Ra7+ Kd8 35. Ra8+ Kc7 36. Ra7+ Kb6 37. Rxg7 Nxf2 38. Rg8 Ng4+ 39. Kg1 Rxf1+ 40. Kxf1 Nxh2+ 41. Kg1 Nf3+ 42. Kf1 Ne5 43. Rg6+ Nxg6 44. Ke1 Rd4 45. Ke2 Ne5 46. Be6 Kc5 47. Ke3 Rd3+ 48. Kf4 Kd6 49. Bc4 Rd4+ 50. Kf5 Nxc4 51. bxc4 b3 0-1


[Site "https://www.chess.com"]

[Event "Titled Tuesday Blitz January 17 Early 2023"]
[White "Torres Dominguez, David"]
[Black "Parpiev, Isaak"]
[WhiteFideId "2220857"]
[BlackFideId "34281576"]
[WhiteElo "1994"]
[BlackElo "2167"]
[Result "0-1"]
[Round "03"]
[TimeControl "180+2"]
[Date "2023.01.17"]
[WhiteClock "0:00:01"]
[BlackClock "0:00:18"]

1. e4 e6 2. d4 d5 3. exd5 exd5 4. Bd3 Nc6 5. c3 Bd6 6. Qf3 Nge7 7. Bf4 Be6 8. Ne2 Ng6 9. Bxd6 Qxd6 10. Bxg6 hxg6 11. Qg3 O-O-O 12. Qxd6 Rxd6 13. f3 Bf5 14. Nd2 Re6 15. Kf2 g5 16. Nf1 Rhe8 17. Nfg3 Bd3 18. Rae1 Bxe2 19. Nxe2 Na5 20. Nc1 Nc4 21. Nd3 f6 22. Rxe6 Rxe6 23. h4 gxh4 24. Rxh4 b6 25. Rh1 a5 26. b3 Na3 27. Nf4 Rd6 28. Rc1 g5 29. Nd3 Re6 0-1


[Site "https://www.chess.com"]

[Event "Titled Tuesday Blitz January 17 Early 2023"]
[White "Sailer, Mike"]
[Black "Khamdamova, Afruza"]
[WhiteFideId "2012901"]
[BlackFideId "14210444"]
[WhiteElo "2109"]
[BlackElo "2162"]
[Result "1-0"]
[Round "03"]
[TimeControl "180+2"]
[Date "2023.01.17"]
[WhiteClock "0:01:12"]
[BlackClock "0:00:16"]

1. d4 Nf6 2. Nf3 d5 3. Bf4 c5 4. e3 Qb6 5. Nc3 cxd4 6. exd4 Bd7 7. Rb1 e6 8. Bd3 Be7 9. O-O O-O 10. Ne5 Nc6 11. Nxd7 Nxd7 12. Ne2 Nf6 13. c3 Rad8 14. Ng3 h6 15. Re1 Bd6 16. Bxd6 Rxd6 17. Re3 Re8 18. Nh5 Qd8 19. Rg3 Nxh5 20. Qxh5 Qf6 21. Re1 Kh8 22. Rf3 Qg5 23. Qxg5 hxg5 24. Rxf7 Re7 25. Rf8# 1-0


[Site "https://www.chess.com"]

[Event "Titled Tuesday Blitz January 17 Early 2023"]
[White "Chilukuri, Sai Varshith"]
[Black "Eynullayev, Atilla"]
[WhiteFideId "25617125"]
[BlackFideId "13413570"]
[WhiteElo "1943"]
[BlackElo "2281"]
[Result "0-1"]
[Round "03"]
[TimeControl "180+2"]
[Date "2023.01.17"]
[WhiteClock "0:01:20"]
[BlackClock "0:01:49"]

1. d4 Nf6 2. c4 e6 3. Nc3 d5 4. Nf3 Nbd7 5. Bg5 h6 6. Bh4 Be7 7. e3 O-O 8. Be2 dxc4 9. Bxc4 a6 10. a4 b6 11. d5 exd5 12. Nxd5 Bb7 13. Nxe7+ Qxe7 14. O-O Qb4 15. Qb3 Qxb3 16. Bxb3 Nc5 17. Bxf6 Nxb3 18. Ra3 Bxf3 19. Rxb3 Bd5 0-1


[Site "https://www.chess.com"]

[Event "Titled Tuesday Blitz January 17 Early 2023"]
[White "Rodrigues, Leonardo De Miranda"]
[Black "Bosnjak, Petar"]
[WhiteFideId "2108658"]
[BlackFideId "14532581"]
[WhiteElo "2112"]
[BlackElo "2337"]
[Result "1/2-1/2"]
[Round "03"]
[TimeControl "180+2"]
[Date "2023.01.17"]
[WhiteClock "0:00:10"]
[BlackClock "0:00:17"]

1. d4 d5 2. Nf3 Nf6 3. c4 c6 4. Nc3 dxc4 5. e4 b5 6. e5 Nd5 7. a4 b4 8. Ne4 a5 9. Bxc4 e6 10. Bg5 Qc7 11. Rc1 h6 12. Bh4 Bb7 13. O-O Nd7 14. Re1 N7b6 15. Bb3 g5 16. Bg3 O-O-O 17. Nd6+ Kb8 18. Qc2 f5 19. Nxb7 Kxb7 20. h3 Be7 21. Nd2 h5 22. f3 g4 23. hxg4 hxg4 24. fxg4 Rdg8 25. Nc4 Nxc4 26. Bxc4 Rxg4 27. Bxd5 exd5 28. Bh2 Rxd4 29. Qxf5 Rdh4 30. Bg3 Qb6+ 31. Kf1 Rf8 32. Qxf8 Bxf8 33. Bxh4 Qd4 34. g3 Qd3+ 35. Kg2 Bh6 36. Rcd1 Qc2+ 37. Kh3 Qf5+ 38. Kg2 Qc2+ 39. Kh3 Be3 40. e6 Qf5+ 41. Kh2 d4 42. e7 Qf2+ 43. Kh3 Qf5+ 44. Kg2 Qe4+ 45. Kh2 Qc2+ 46. Kh3 Qf5+ 47. Kg2 Qe4+ 48. Kh2 Qc2+ 49. Kh3 Qf5+ 1/2-1/2


[Site "https://www.chess.com"]

[Event "Titled Tuesday Blitz January 17 Early 2023"]
[White "Martin Carmona, Gaston Manuel"]
[Black "Tharushi, T H D Niklesha"]
[WhiteFideId "22284567"]
[BlackFideId "9918264"]
[WhiteElo "2333"]
[BlackElo "1570"]
[Result "1-0"]
[Round "03"]
[TimeControl "180+2"]
[Date "2023.01.17"]
[WhiteClock "0:00:35"]
[BlackClock "0:00:19"]

1. Nf3 b5 2. a4 bxa4 3. e4 Bb7 4. Nc3 e6 5. d4 Bb4 6. Bd3 Nf6 7. Qe2 O-O 8. e5 Nd5 9. Bd2 a3 10. Bxh7+ Kxh7 11. Ng5+ Qxg5 12. Bxg5 axb2 13. Qd3+ Kg8 14. Rb1 Nxc3 15. Rxb2 a5 16. O-O Ba6 17. Qf3 Bxf1 18. Qxa8 Nc6 19. Qb7 Bb5 20. Bd2 Ne2+ 21. Kh1 Bxd2 22. Rxb5 Ncxd4 23. Rb1 Nc3 24. Rb2 Bc1 25. Rb3 Nxb3 26. cxb3 Nd5 27. Qb5 Bd2 28. Qxd7 Rb8 29. h4 Rxb3 30. Qe8+ Kh7 31. Qxf7 Rb1+ 32. Kh2 Nf4 33. g3 Ng6 34. Qxe6 Rb6 35. Qf5 Kg8 36. e6 a4 37. Qxg6 a3 38. Qf7+ Kh7 39. e7 Rb8 40. e8=Q Rxe8 41. Qh5+ Bh6 42. Qxe8 a2 43. Qe4+ Kh8 44. Qa8+ Kh7 45. Qxa2 g6 46. Qc2 Bf8 47. Qxc7+ Kh6 48. g4 g5 49. Qc6+ Kh7 50. hxg5 Bg7 51. Kh3 Kh8 52. g6 Be5 53. Qe8+ Kg7 54. Qf7+ Kh6 55. Qh7+ Kg5 56. Qh5+ Kf4 57. Qf5# 1-0


[Site "https://www.chess.com"]

[Event "Titled Tuesday Blitz January 17 Early 2023"]
[White "Mohammadian, Mohammad"]
[Black "Castellanos Gomez, Alejandro"]
[WhiteFideId "12566055"]
[BlackFideId "22284141"]
[WhiteElo "1398"]
[BlackElo "2253"]
[Result "0-1"]
[Round "03"]
[TimeControl "180+2"]
[Date "2023.01.17"]
[WhiteClock "0:00:04"]
[BlackClock "0:01:02"]

1. e4 e6 2. d4 d5 3. Nd2 Nf6 4. e5 Nfd7 5. Bd3 c5 6. c3 Nc6 7. Ne2 a6 8. Nf3 Be7 9. O-O b5 10. Be3 Bb7 11. a3 cxd4 12. cxd4 Nb6 13. b3 Rc8 14. Qd2 Na7 15. Rfc1 h6 16. h3 O-O 17. Nf4 Re8 18. Nh5 Bf8 19. Bxh6 gxh6 20. Nf6+ Kh8 21. Bh7 Nd7 22. Nxe8 Qxe8 23. Bc2 Bg7 24. Qd3 Nf8 25. Nh4 a5 26. Qg3 Qe7 27. Nf3 Rc3 28. Qg4 Nc6 29. Bd1 Rxc1 30. Rxc1 Qxa3 31. Qh4 Qxc1 32. Kh2 Qxd1 33. Ng5 Kg8 34. Nxf7 Kxf7 35. Qh5+ Qxh5 0-1


[Site "https://www.chess.com"]

[Event "Titled Tuesday Blitz January 17 Early 2023"]
[White "Szyszylo, Rafal"]
[Black "Tsaruk, Maksim"]
[WhiteFideId "1109626"]
[BlackFideId "13511173"]
[WhiteElo "2091"]
[BlackElo "2373"]
[Result "0-1"]
[Round "03"]
[TimeControl "180+2"]
[Date "2023.01.17"]
[WhiteClock "0:00:01"]
[BlackClock "0:00:21"]

1. e4 g6 2. d4 Bg7 3. Nc3 a6 4. a4 d6 5. Be3 e6 6. Qd2 Nd7 7. h4 h5 8. Nh3 b6 9. Ng5 Bb7 10. f3 Qe7 11. Be2 Ngf6 12. O-O e5 13. Bc4 exd4 14. Bxf7+ Qxf7 15. Nxf7 dxe3 16. Nxd6+ cxd6 17. Qxe3 O-O 18. Rad1 Ne8 19. Qg5 Rf6 20. Nd5 Kh7 21. Nxf6+ Bxf6 22. Qc1 Rc8 23. c3 Bxh4 24. Qe3 Bf6 25. f4 Bc6 26. e5 Bg7 27. exd6 Bxa4 28. Rd2 Nef6 29. f5 gxf5 30. Rxf5 Re8 31. Rxh5+ Kg8 32. Qf4 Re1+ 33. Kh2 Re4 34. Qf5 Re5 35. Qxe5 Nxe5 36. Rxe5 Ng4+ 37. Kg3 Nxe5 38. Kf4 Bd7 39. Kg5 a5 40. g3 Nf3+ 41. Kf4 Nxd2 42. Ke3 Nc4+ 43. Ke4 Nxd6+ 0-1


[Site "https://www.chess.com"]

[Event "Titled Tuesday Blitz January 17 Early 2023"]
[White "Albertini, Luca"]
[Black "Shipov, Sergei"]
[WhiteFideId "847038"]
[BlackFideId "4113624"]
[WhiteElo "2084"]
[BlackElo "2541"]
[Result "1-0"]
[Round "03"]
[TimeControl "180+2"]
[Date "2023.01.17"]
[WhiteClock "0:00:56"]
[BlackClock "0:00:16"]

1. e4 e6 2. d4 d5 3. e5 c5 4. c3 Nc6 5. Nf3 Bd7 6. Bd3 cxd4 7. cxd4 Qb6 8. Nbd2 Nxd4 9. Nxd4 Qxd4 10. Nf3 Qa4 11. Bc2 Qa5+ 12. Bd2 Bb4 13. O-O Bxd2 14. Nxd2 Ne7 15. Nb3 Qb6 16. Qh5 Ng6 17. Kh1 Rc8 18. Bxg6 fxg6 19. Qf3 Rf8 20. Qh3 h6 21. Qg4 Kf7 22. f4 Rc4 23. Rf3 Be8 24. Nd2 Rc2 25. Rb3 Qc6 26. Nf3 Rc1+ 27. Rxc1 Qxc1+ 28. Ng1 b6 29. Rc3 Qxb2 30. Rc7+ Kg8 31. Qxe6+ Bf7 32. Qd6 d4 33. e6 Be8 34. Qe5 Rf6 35. Rc8 Kh7 36. Rxe8 Qxa2 37. e7 Re6 38. Qb8 1-0


[Site "https://www.chess.com"]

[Event "Titled Tuesday Blitz January 17 Early 2023"]
[White "Tarasova, Viktoriya"]
[Black "Borges Feria, Yasel"]
[WhiteFideId "4175840"]
[BlackFideId "3504921"]
[WhiteElo "2226"]
[BlackElo "2439"]
[Result "0-1"]
[Round "03"]
[TimeControl "180+2"]
[Date "2023.01.17"]
[WhiteClock "0:00:03"]
[BlackClock "0:00:08"]

1. d4 Nf6 2. c4 e6 3. Nc3 Bb4 4. Nf3 b6 5. e3 Bb7 6. Bd3 Bxc3+ 7. bxc3 d6 8. O-O O-O 9. Nd2 e5 10. f4 e4 11. Be2 Nc6 12. d5 Na5 13. g4 Re8 14. g5 Nd7 15. Nb3 Ba6 16. Nxa5 bxa5 17. Ba3 Nb6 18. Qd4 Rc8 19. Rfd1 Qd7 20. Bf1 c5 21. dxc6 Rxc6 22. c5 Qg4+ 23. Kh1 Bxf1 24. Rxf1 dxc5 25. Bxc5 Qc8 26. Bxb6 axb6 27. Rac1 Qc7 28. Rfd1 g6 29. c4 Rc5 30. Rd2 b5 31. Rdc2 Rc8 32. h4 bxc4 33. h5 gxh5 34. Kg2 Rd8 35. Qxe4 Qd7 36. Qf3 c3 37. Qxh5 Qd5+ 0-1


[Site "https://www.chess.com"]

[Event "Titled Tuesday Blitz January 17 Early 2023"]
[White "Lacasa Diaz, Jose Antonio"]
[Black "Aradhya, Garg"]
[WhiteFideId "2203375"]
[BlackFideId "25006746"]
[WhiteElo "2359"]
[BlackElo "2284"]
[Result "0-1"]
[Round "03"]
[TimeControl "180+2"]
[Date "2023.01.17"]
[WhiteClock "0:01:50"]
[BlackClock "0:01:56"]

1. e4 e5 2. Nf3 Nc6 3. Bb5 a6 4. Ba4 Nge7 5. c4 Ng6 6. Nc3 Bc5 7. d3 d6 8. Be3 Bxe3 9. fxe3 O-O 10. O-O Nce7 11. d4 c6 12. Bc2 b5 13. b3 Rb8 14. a4 bxc4 15. bxc4 a5 16. d5 Ba6 17. Bd3 Rb4 18. Qe2 Qb6 19. Rfc1 Rb2 20. Rc2 Rxc2 21. Bxc2 Qb2 0-1


[Site "https://www.chess.com"]

[Event "Titled Tuesday Blitz January 17 Early 2023"]
[White "Sadubayev, Airat"]
[Black "Papayan, Oleg"]
[WhiteFideId "13713264"]
[BlackFideId "4193911"]
[WhiteElo "2320"]
[BlackElo "2253"]
[Result "1-0"]
[Round "03"]
[TimeControl "180+2"]
[Date "2023.01.17"]
[WhiteClock "0:00:28"]
[BlackClock "0:00:03"]

1. d4 Nf6 2. c4 g6 3. Nc3 d5 4. cxd5 Nxd5 5. e4 Nxc3 6. bxc3 Bg7 7. Nf3 c5 8. Be3 O-O 9. Be2 cxd4 10. cxd4 Qa5+ 11. Bd2 Qa3 12. O-O Bg4 13. Rb1 Bxf3 14. Bxf3 Nc6 15. d5 Nd4 16. Rxb7 Rfb8 17. Bb4 Qxa2 18. Rxb8+ Rxb8 19. Bxe7 Be5 20. d6 Qe6 21. Bg4 f5 22. exf5 gxf5 23. Bh3 Qd5 24. Bxf5 Bxd6 25. Qg4+ Kf7 26. Bxd6 Qxd6 27. Qh5+ Kf8 28. Qxh7 Qf6 29. Bd3 Rb3 30. h3 a5 31. Rc1 Rb8 32. Qc7 Re8 33. Qxa5 1-0


[Site "https://www.chess.com"]

[Event "Titled Tuesday Blitz January 17 Early 2023"]
[White "Melikhov, Evgeny V."]
[Black "Bodnaruk, Anastasia"]
[WhiteFideId "4122046"]
[BlackFideId "4181751"]
[WhiteElo "2269"]
[BlackElo "2350"]
[Result "0-1"]
[Round "03"]
[TimeControl "180+2"]
[Date "2023.01.17"]
[WhiteClock "0:00:59"]
[BlackClock "0:00:39"]

1. d4 Nf6 2. c4 g6 3. Nc3 Bg7 4. e4 d6 5. f3 O-O 6. Be3 e5 7. d5 Nh5 8. Qd2 f5 9. O-O-O a5 10. exf5 gxf5 11. Bd3 Na6 12. Nge2 Nc5 13. Bc2 Bd7 14. h3 Nf6 15. g4 e4 16. fxe4 Nfxe4 17. Nxe4 Nxe4 18. Bxe4 fxe4 19. Bd4 Qe7 20. Bxg7 Qxg7 21. Qd4 Rae8 22. Qxg7+ Kxg7 23. Rhf1 Rxf1 24. Rxf1 b5 25. b3 bxc4 26. bxc4 c6 27. Nd4 cxd5 28. cxd5 Re5 29. Kd2 Rxd5 30. Ke3 Re5 31. Nf5+ Bxf5 32. Rxf5 Rxf5 33. gxf5 d5 34. Kf4 Kf6 35. a4 h6 0-1


[Site "https://www.chess.com"]

[Event "Titled Tuesday Blitz January 17 Early 2023"]
[White "Vovk, Orest"]
[Black "Fernandez Siles, Luis"]
[WhiteFideId "14113490"]
[BlackFideId "2209420"]
[WhiteElo "2315"]
[BlackElo "2218"]
[Result "1-0"]
[Round "03"]
[TimeControl "180+2"]
[Date "2023.01.17"]
[WhiteClock "0:01:06"]
[BlackClock "0:00:28"]

1. h4 d5 2. h5 h6 3. e4 dxe4 4. Nc3 Nf6 5. Qe2 Nc6 6. Nxe4 Nxe4 7. Qxe4 Qd4 8. Qxd4 Nxd4 9. Bd3 Bf5 10. Bxf5 Nxf5 11. Nf3 e6 12. d4 Bd6 13. Be3 O-O-O 14. O-O-O Rhe8 15. g4 Nxe3 16. fxe3 f6 17. Nh4 c6 18. c4 e5 19. d5 Bc5 20. Nf5 cxd5 21. Rxd5 Rxd5 22. cxd5 Kd7 23. e4 Bf8 24. Kd2 Rc8 25. Rc1 Rxc1 26. Kxc1 b5 27. Kc2 a6 28. Kb3 Kc7 29. a4 Kd7 30. a5 Kc7 31. Ne3 Kd6 32. Nc2 Kc5 33. Kc3 b4+ 34. Nxb4 Kb5 35. Nc6 Kc5 36. b4+ Kb5 37. Kb3 Bd6 38. Na7# 1-0


[Site "https://www.chess.com"]

[Event "Titled Tuesday Blitz January 17 Early 2023"]
[White "Rosenberg, Evan S"]
[Black "Biastoch, Bennet"]
[WhiteFideId "2019299"]
[BlackFideId "12939889"]
[WhiteElo "1956"]
[BlackElo "2257"]
[Result "1-0"]
[Round "03"]
[TimeControl "180+2"]
[Date "2023.01.17"]
[WhiteClock "0:00:06"]
[BlackClock "0:00:54"]

1. d4 d5 2. Nf3 Nf6 3. c3 c5 4. dxc5 Nc6 5. b4 b6 6. b5 Nb8 7. c6 e6 8. a4 Bc5 9. e3 O-O 10. Nbd2 a6 11. Bb2 Ne8 12. c4 Nc7 13. Be2 dxc4 14. Bxc4 Qe7 15. O-O Rd8 16. Qc2 Nd5 17. Bxd5 Rxd5 18. Qc3 f6 19. Ne4 Bd6 20. Nxd6 Qxd6 21. Ba3 Qc7 22. e4 Rh5 23. e5 axb5 24. axb5 Ra5 25. Bd6 Qa7 26. Rxa5 bxa5 27. Bxb8 Qxb8 28. Qc5 fxe5 29. b6 g6 30. b7 Bxb7 31. cxb7 Qxb7 32. Nxe5 Qb8 33. f4 a4 34. Qe7 Rf5 35. Qxe6+ Kg7 36. Qe7+ Kg8 37. Rd1 Qb6+ 38. Kh1 Rf8 39. Nd7 Rd8 40. h3 a3 41. Nxb6 Rxd1+ 42. Kh2 a2 43. Qe6+ Kg7 44. Qxa2 Rd6 45. Qc4 Rf6 46. Qc7+ Rf7 47. Qe5+ Rf6 48. Nd5 Kh6 49. Qxf6 Kh5 50. Qg5# 1-0


[Site "https://www.chess.com"]

[Event "Titled Tuesday Blitz January 17 Early 2023"]
[White "Musovic, Armin"]
[Black "Kalajzic, Ivan"]
[WhiteFideId "939935"]
[BlackFideId "14506378"]
[WhiteElo "2261"]
[BlackElo "2062"]
[Result "1-0"]
[Round "03"]
[TimeControl "180+2"]
[Date "2023.01.17"]
[WhiteClock "0:00:38"]
[BlackClock "0:00:04"]

1. a3 Nc6 2. Nc3 e5 3. e4 Bc5 4. Nf3 Nf6 5. Nxe5 Nxe5 6. d4 Bd6 7. f4 Nc6 8. e5 Be7 9. d5 Nxd5 10. Nxd5 d6 11. Bb5 O-O 12. Nxe7+ Qxe7 13. O-O dxe5 14. Kh1 e4 15. f5 Qe5 16. Bxc6 bxc6 17. Bf4 Qxb2 18. Bxc7 Ba6 19. Rb1 Qf6 20. Rf4 Rfe8 21. Qe1 e3 22. Qa5 e2 23. Re1 Rac8 24. h3 c5 25. Rf2 Bb7 26. Kh2 h6 27. Bg3 Qb6 28. Qd2 Rcd8 29. Qf4 Re4 30. Qc1 Rde8 31. f6 g5 32. Qd2 Qe6 33. Qa5 Qd5 34. Qxa7 R4e6 35. Qa4 Rxf6 36. Rexe2 Rxe2 37. Rxe2 Rf1 38. Qe8+ Kh7 39. Be5 Qd1 40. Qh8+ Kg6 41. Qg8+ Kh5 42. g4+ 1-0


[Site "https://www.chess.com"]

[Event "Titled Tuesday Blitz January 17 Early 2023"]
[White "Pein, Jonathan"]
[Black "I_KID_you_not"]
[WhiteFideId "417092"]
[WhiteElo "2265"]
[BlackElo "2332"]
[Result "1/2-1/2"]
[Round "03"]
[TimeControl "180+2"]
[Date "2023.01.17"]
[WhiteClock "0:00:13"]
[BlackClock "0:00:13"]

1. d4 Nf6 2. f3 c5 3. d5 e6 4. Nc3 exd5 5. Nxd5 d6 6. Bg5 Be7 7. Nxe7 Qxe7 8. e4 h6 9. Bf4 d5 10. Bb5+ Bd7 11. Bxd7+ Nbxd7 12. Nh3 Nb6 13. O-O O-O 14. exd5 Nbxd5 15. Re1 Qd7 16. Be5 Rfe8 17. Nf2 Rad8 18. c3 Nh7 19. Qc2 Ng5 20. Ng4 Qc6 21. h4 Ne6 22. Qc1 Nf8 23. c4 Nb4 24. Qc3 Ne6 25. Bxg7 Nxg7 26. Nf6+ Kf8 27. Nxe8 Rxe8 28. Rxe8+ Qxe8 29. Re1 Qd7 30. a3 Nc6 31. Kf2 Qd4+ 32. Qe3 Nf5 33. Qxd4 Nfxd4 34. g4 f6 35. Rg1 Ne5 36. g5 hxg5 37. hxg5 fxg5 38. Rxg5 Nxc4 39. Rxc5 Nxb2 40. Rc8+ Ke7 41. Rc7+ Kd6 42. Rxb7 Nc4 43. Rxa7 Nb5 44. Ra6+ Kc5 45. a4 Nd4 46. Ra8 Ne5 47. f4 Nd3+ 48. Ke3 Nb4 49. Rc8+ Nbc6 50. f5 Nxf5+ 51. Kf4 Nd4 52. a5 Kb5 53. a6 Kxa6 54. Rxc6+ Nxc6 1/2-1/2


[Site "https://www.chess.com"]

[Event "Titled Tuesday Blitz January 17 Early 2023"]
[White "Todorovic, Bojan"]
[Black "Jegorovas, Aleksandras"]
[WhiteFideId "917087"]
[BlackFideId "12801950"]
[WhiteElo "2195"]
[BlackElo "2270"]
[Result "1-0"]
[Round "03"]
[TimeControl "180+2"]
[Date "2023.01.17"]
[WhiteClock "0:02:00"]
[BlackClock "0:02:08"]

1. d4 Nf6 2. c4 e6 3. Nc3 Bb4 4. e3 O-O 5. Bd3 c5 6. Ne2 cxd4 7. exd4 d5 8. c5 b6 9. a3 Bxc3+ 10. Nxc3 bxc5 11. dxc5 e5 12. O-O e4 13. Bc2 a5 14. Bf4 Be6 15. Bd6 Re8 16. Nb5 Na6 17. b4 axb4 18. axb4 Nxb4 19. Rxa8 Qxa8 20. Nc7 Qc6 21. Ba4 Qb7 22. Nxe8 Nxe8 23. Bxe8 1-0


[Site "https://www.chess.com"]

[Event "Titled Tuesday Blitz January 17 Early 2023"]
[White "Degtiarev, Evgeny"]
[Black "Reprintsev, Alexander"]
[WhiteFideId "4149610"]
[BlackFideId "14100541"]
[WhiteElo "2385"]
[BlackElo "2253"]
[Result "0-1"]
[Round "03"]
[TimeControl "180+2"]
[Date "2023.01.17"]
[WhiteClock "0:00:08"]
[BlackClock "0:00:20"]

1. d4 d5 2. c4 e5 3. dxe5 d4 4. Nf3 Nc6 5. g3 Nge7 6. Bg2 Ng6 7. O-O Ngxe5 8. Nxe5 Nxe5 9. b3 a5 10. Nd2 Bc5 11. Bb2 O-O 12. Ne4 Ba7 13. c5 Nc6 14. Rc1 Bf5 15. Nd2 Qe7 16. Bxc6 bxc6 17. Bxd4 Rfe8 18. e3 Rad8 19. Qf3 Qe6 20. Rfe1 Bg4 21. Qf4 h6 22. h4 Rd5 23. f3 Bh5 24. g4 Bg6 25. Kf2 h5 26. g5 Rf5 27. Qg3 Qe7 28. e4 Rxc5 29. Bxc5 Bxc5+ 30. Kg2 Bd6 31. f4 Bb4 32. f5 Bxd2 33. fxg6 fxg6 34. Qd3 Bxc1 35. Rxc1 Kh7 36. Rxc6 Qe5 37. Rc2 Qf4 38. Qf3 Qxh4 39. Qg3 Qxe4+ 0-1


[Site "https://www.chess.com"]

[Event "Titled Tuesday Blitz January 17 Early 2023"]
[White "Bas Mas, Jose Joaquin"]
[Black "Mammadzada, Gunay"]
[WhiteFideId "22219064"]
[BlackFideId "13403729"]
[WhiteElo "2197"]
[BlackElo "2449"]
[Result "0-1"]
[Round "03"]
[TimeControl "180+2"]
[Date "2023.01.17"]
[WhiteClock "0:00:08"]
[BlackClock "0:00:19"]

1. e4 c5 2. Nf3 d6 3. d4 cxd4 4. Nxd4 Nf6 5. Nc3 a6 6. h3 e6 7. g4 Nc6 8. Bg2 Qb6 9. Nb3 Be7 10. O-O Ne5 11. Qe2 O-O 12. a4 Qc7 13. a5 Bd7 14. Kh1 Ng6 15. g5 Ne8 16. f4 Nh4 17. Nd4 Nxg2 18. Qxg2 Rc8 19. f5 Kh8 20. Be3 Qc4 21. Rg1 e5 22. Nf3 Bc6 23. Nd2 Qb4 24. f6 Bd8 25. h4 Qxb2 26. Nd1 Qxc2 27. h5 Rg8 28. g6 fxg6 29. hxg6 gxf6 0-1


[Site "https://www.chess.com"]

[Event "Titled Tuesday Blitz January 17 Early 2023"]
[White "Sohier, Julien"]
[Black "Podetti, Davide"]
[WhiteFideId "645346"]
[BlackFideId "893617"]
[WhiteElo "2214"]
[BlackElo "2281"]
[Result "1-0"]
[Round "03"]
[TimeControl "180+2"]
[Date "2023.01.17"]
[WhiteClock "0:00:19"]
[BlackClock "0:00:23"]

1. e4 e5 2. Nf3 Nc6 3. Bc4 Bc5 4. d3 Nf6 5. O-O d6 6. a4 a6 7. Re1 O-O 8. h3 h6 9. c3 Ba7 10. Be3 Be6 11. Nbd2 Qd7 12. b4 Bxe3 13. Rxe3 a5 14. b5 Ne7 15. Qb3 Ng6 16. d4 Bxc4 17. Nxc4 Rfe8 18. Rd1 exd4 19. Rxd4 Qe6 20. b6 c6 21. Rxd6 Qe7 22. e5 Nd5 23. Re1 Ndf4 24. Red1 Nd5 25. R1xd5 cxd5 26. Rxd5 Rac8 27. Rxa5 Nf4 28. Rb5 Qe6 29. Nd6 Qg6 30. Nh4 Qg5 31. Qxf7+ Kh8 32. Qxf4 Qxf4 33. Ng6+ Kh7 34. Nxf4 1-0


[Site "https://www.chess.com"]

[Event "Titled Tuesday Blitz January 17 Early 2023"]
[White "Onslow, Alfie"]
[Black "Kostenko, Petr"]
[WhiteFideId "436976"]
[BlackFideId "13700669"]
[WhiteElo "2157"]
[BlackElo "2371"]
[Result "1/2-1/2"]
[Round "03"]
[TimeControl "180+2"]
[Date "2023.01.17"]
[WhiteClock "0:00:10"]
[BlackClock "0:00:13"]

1. e4 c6 2. Nf3 d5 3. exd5 cxd5 4. Ne5 e6 5. Bb5+ Nd7 6. O-O Bd6 7. d4 a6 8. Bxd7+ Bxd7 9. Qg4 g6 10. Nd2 Rc8 11. c3 Nf6 12. Qh4 O-O 13. Ndf3 Ne4 14. Nxd7 Qxd7 15. Bh6 Rfe8 16. Rfe1 Be7 17. Qh3 f6 18. Nd2 Nxd2 19. Bxd2 Bd6 20. Re2 Re7 21. f4 Rce8 22. Rae1 a5 23. Qf3 Qa4 24. a3 Qb3 25. Be3 b5 26. Bf2 Kg7 27. Bh4 b4 28. axb4 axb4 29. g4 bxc3 30. bxc3 Qc4 31. Re3 Ba3 32. f5 exf5 33. Rxe7+ Rxe7 34. Rxe7+ Bxe7 35. gxf5 g5 36. Qe3 Bd6 37. Bg3 Bxg3 38. Qe7+ Kg8 39. Qe8+ Kg7 40. Qe7+ Kg8 41. hxg3 Qxc3 42. Qe8+ Kg7 43. Qe7+ Kg8 44. Qe6+ Kg7 45. Qe7+ Kg8 1/2-1/2


[Site "https://www.chess.com"]

[Event "Titled Tuesday Blitz January 17 Early 2023"]
[White "Poeta, Caio Medeiros"]
[Black "Riverol, Jose"]
[WhiteFideId "2142660"]
[BlackFideId "3000427"]
[WhiteElo "2088"]
[BlackElo "2304"]
[Result "1-0"]
[Round "03"]
[TimeControl "180+2"]
[Date "2023.01.17"]
[WhiteClock "0:00:54"]
[BlackClock "0:00:14"]

1. d4 Nf6 2. c4 g6 3. Nc3 d5 4. cxd5 Nxd5 5. e4 Nxc3 6. bxc3 Bg7 7. Be3 c5 8. Rc1 O-O 9. Nf3 cxd4 10. cxd4 Qa5+ 11. Qd2 Qxd2+ 12. Nxd2 Rd8 13. Nb3 Nc6 14. d5 Ne5 15. Be2 e6 16. f4 Bh6 17. Kf2 Nd7 18. dxe6 fxe6 19. Rhd1 Rf8 20. Rxc8 Raxc8 21. Rxd7 Bxf4 22. Bxf4 Rxf4+ 23. Ke3 Rf7 24. Rd2 a6 25. Bg4 Re8 26. Rd6 Rfe7 27. Nd4 Kf7 28. Nf3 Rc7 29. Ng5+ Ke7 30. Rxe6+ Kd8 31. Rd6+ Ke7 32. e5 Rc3+ 33. Kd4 Ra3 34. Rd7+ 1-0


[Site "https://www.chess.com"]

[Event "Titled Tuesday Blitz January 17 Early 2023"]
[White "parintele_chess"]
[Black "Baches Garcia, Guillermo"]
[BlackFideId "2209764"]
[WhiteElo "2259"]
[BlackElo "2327"]
[Result "1-0"]
[Round "03"]
[TimeControl "180+2"]
[Date "2023.01.17"]
[WhiteClock "0:01:10"]
[BlackClock "0:00:33"]

1. d4 Nf6 2. Bf4 b6 3. Nf3 Bb7 4. e3 e6 5. Be2 c5 6. c3 cxd4 7. exd4 d6 8. O-O Be7 9. Nbd2 O-O 10. h3 Nbd7 11. Re1 a6 12. a4 Qc7 13. Bd3 Rfe8 14. Ng5 h6 15. Nge4 Nd5 16. Bh2 N7f6 17. Nxf6+ Nxf6 18. Ne4 Qc6 19. Nxf6+ Bxf6 20. Be4 d5 21. Bc2 b5 22. axb5 axb5 23. Qd3 g6 24. Bf4 Bg7 25. Qe3 Kh7 26. Be5 b4 27. h4 bxc3 28. Bxg7 Kxg7 29. bxc3 Rxa1 30. Rxa1 Ra8 31. Rxa8 Bxa8 32. h5 g5 33. Qe5+ f6 34. Qb8 Qxc3 35. Qa7+ 1-0


[Site "https://www.chess.com"]